 Dungeon Crawl Stone Soup version 0.26-a0-1060-g086102a3f0 (webtiles) character file.

Game seed: 8374623546862033338

526929 timneilson the Impregnable (level 26, -4/165 HPs)
             Began as a Gargoyle Fighter on Dec 13, 2020.
             Was the Champion of Okawaru.
             Killed from afar by an ancient lich (57 damage)
             ... with an iron shot
             ... on level 5 of the Vaults on Dec 14, 2020.
             The game lasted 03:22:24 (64762 turns).

timneilson the Impregnable (Gargoyle Fighter)      Turns: 64762, Time: 03:22:24

Health: -4/165     AC: 65    Str: 34    XL:     26   Next: 8%
Magic:  34/34      EV: 10    Int: 12    God:    Okawaru [******]
Gold:   3732       SH: 21    Dex:  9    Spells: 25/25 levels left

rFire    + + .     SeeInvis +   W - +5 demon blade (elec)
rCold    + + .     Faith    .   o - +2 kite shield {reflect}
rNeg     + + .     Spirit   .   X - +7 gold dragon scales
rPois    ∞         Reflect  +   Z - +0 helmet {SInv}
rElec    +         Harm     .   U - +0 cloak "Udiaxec" {rElec rN+ Str+3 Slay+3}
rCorr    .         Rampage  .   R - +3 pair of gauntlets of War {Slay+5}
Will     +....                  O - +2 pair of boots {run}
Stlth    ..........             w - amulet "Uhaif" {rElec Regen+ Str+3 Int-4 SInv}
HPRegen  0.77/turn              x - ring of protection from cold
MPRegen  0.24/turn              r - ring of Teun {rF+ Int+3}

@: heroism, marked, corroded, flying, slowed, very slow
A: big wings, talons 1, thin metallic scales 1, negative energy resistance 1,
electricity resistance, unbreathing, petrification resistance, rot immunity,
MP-powered wands, AC +20
}: 2/15 runes: barnacled, gossamer
a: Stop Flying, Heroism, Finesse, Renounce Religion


You were on level 5 of the Vaults.
You worshipped Okawaru.
Okawaru was exalted by your worship.
You visited 9 branches of the dungeon, and saw 45 of its levels.
You visited the Abyss 1 time.
You also visited: Gauntlet, Volcano and Wizlab.

You collected 7857 gold pieces.
You spent 4125 gold pieces at shops.

Inventory:

Hand Weapons
 V - the +2 Maxwell's thermic engine {flame, freeze}
   (Okawaru gifted it to you on level 2 of the Vaults)

   It has been specially enchanted to burn those struck by it, causing extra
   injury to most foes and up to half again as much damage against particularly
   susceptible opponents.
   Big, fiery blades are also staple armaments of hydra-hunters.
   It has been specially enchanted to freeze those struck by it, causing extra
   injury to most foes and up to half again as much damage against particularly
   susceptible opponents.
 W - a +5 demon blade of electrocution (weapon)
Armour
 o - a +2 kite shield of reflection (worn)
 O - a +2 pair of boots of running (worn)
 R - the +3 pair of gauntlets of War (worn) {Slay+5}
   (You acquired it on level 2 of the Vaults)

   It affects your accuracy and damage with ranged weapons and melee attacks
   (+5).
 U - the +0 cloak "Udiaxec" (worn) {rElec rN+ Str+3 Slay+3}
   (Okawaru gifted it to you on level 4 of the Shoals)

   It affects your strength (+3).
   It affects your accuracy and damage with ranged weapons and melee attacks
   (+3).
   It insulates you from electricity.
   It protects you from negative energy.
 X - +7 gold dragon scales (worn)
 Z - a +0 helmet of see invisible (worn)
Jewellery
 f - the ring of Disaster {*Contam +Fly rElec rN+ Will++}
   (You found it on level 3 of the Crypt)

   [ring of positive energy]

   It insulates you from electricity.
   It protects you from negative energy.
   It affects your willpower, your defense against some magical effects.
   It lets you fly.
   It causes magical contamination when unequipped.
 g - the amulet of Vitality {Regen+ HP+15}
   (You took it off a mummy priest on level 1 of the Crypt)

   [amulet of regeneration]

   It affects your health (+15).
   It increases your rate of regeneration.
 m - the ring "Miref" {rF+ rC+ rN+ Int+4 SInv}
   (You found it on level 3 of the Crypt)

   [ring of positive energy]

   It affects your intelligence (+4).
   It protects you from fire.
   It protects you from cold.
   It protects you from negative energy.
   It lets you see invisible.
 r - the ring of Teun (right hand) {rF+ Int+3}
   (You found it in a Gauntlet)

   [ring of protection from fire]

   It affects your intelligence (+3).
   It protects you from fire.
 u - the ring "Himn" {+Blink +Fly rElec rC- rN+ Slay+2}
   (You found it on level 3 of the Crypt)

   [ring of positive energy]

   It affects your accuracy and damage with ranged weapons and melee attacks
   (+2).
   It makes you vulnerable to cold.
   It insulates you from electricity.
   It protects you from negative energy.
   It lets you fly.
   It lets you blink.
 w - the amulet "Uhaif" (around neck) {rElec Regen+ Str+3 Int-4 SInv}
   (You found it on level 2 of the Vaults)

   [amulet of regeneration]

   It affects your strength (+3).
   It affects your intelligence (-4).
   It insulates you from electricity.
   It lets you see invisible.
   It increases your rate of regeneration.
 x - a ring of protection from cold (left hand)
 I - the ring of the Empty Page {rF+ Dex+2 Stlth-}
   (You found it on level 5 of the Depths)

   [ring of attention]

   It affects your dexterity (+2).
   It protects you from fire.
   It makes you less stealthy.
 N - an uncursed ring of resist corrosion
 Q - the ring "Kiuteu Gull" {rF+ Str+6 Int-5 Dex+6 Stlth-}
   (You acquired it on level 3 of the Depths)

   [ring of dexterity]

   It affects your strength (+6).
   It affects your intelligence (-5).
   It affects your dexterity (+6).
   It protects you from fire.
   It makes you less stealthy.
Wands
 D - a wand of iceblast (50)
 K - a wand of digging (20)
 Y - a wand of acid (11)
Scrolls
 a - 20 scrolls of enchant weapon
 c - 2 scrolls of holy word
 d - 8 scrolls of fear
 i - 32 scrolls of remove curse
 n - 6 scrolls of blinking
 q - 24 scrolls of teleportation
 y - 5 scrolls of magic mapping
 G - 15 scrolls of identify
 H - 4 scrolls of summoning
 J - 4 scrolls of fog
 M - a scroll of brand weapon
 S - a scroll of silence
Potions
 b - 9 potions of might
 e - a potion of brilliance
 h - 5 potions of mutation
 k - 5 potions of cancellation
 l - 8 potions of berserk rage
 p - 6 potions of attraction
 s - 4 potions of haste
 t - 5 potions of invisibility
 B - 3 potions of heal wounds
 F - 24 potions of curing
 P - 4 potions of resistance
Miscellaneous
 z - a condenser vane (inert)
 C - a lightning rod (4/4)
 T - a tin of tremorstones (2/2)


   Skills:
 + Level 16.9(21.9) Fighting
 * Level 19.2(24.2) Long Blades
 * Level 22.2(27) Armour
 * Level 22.2(27) Shields
 + Level 15.9 Invocations
 + Level 14.0 Evocations


You had 25 spell levels left.
You didn't know any spells.
Your spell library contained the following spells:

 Spells                   Type           Power        Failure   Level
 Animate Skeleton         Necr           #.....       82%         1
 Apportation              Tloc           #.....       82%         1
 Beastly Appendage        Tmut           #.....       82%         1
 Corona                   Hex            #......      82%         1
 Foxfire                  Conj/Fire      #...         82%         1
 Magic Dart               Conj           #...         82%         1
 Sandblast                Erth           #.....       82%         1
 Sting                    Tmut/Pois      #...         82%         1
 Summon Small Mammal      Summ           #...         82%         1
 Blink                    Tloc           N/A          91%         2
 Call Imp                 Summ           #.......     91%         2
 Ensorcelled Hibernation  Hex/Ice        #.....       91%         2
 Passwall                 Tmut/Erth      #.......     91%         2
 Poisonous Vapours        Pois/Air       #.....       91%         2
 Searing Ray              Conj           #.....       91%         2
 Slow                     Hex            #.......     91%         2
 Wereblood                Tmut           #.......     91%         2
 Call Canine Familiar     Summ           #.......     99%         3
 Confusing Touch          Hex            #.......     99%         3
 Conjure Flame            Conj/Fire      #.......     99%         3
 Dazzling Flash           Conj/Hex       #.....       99%         3
 Gell's Gravitas          Tloc           #.........   99%         3
 Ignite Poison            Fire/Tmut/Pois #.......     99%         3
 Inner Flame              Hex/Fire       #.......     99%         3
 Mephitic Cloud           Conj/Pois/Air  #.......     99%         3
 Portal Projectile        Hex/Tloc       #.....       99%         3
 Spider Form              Tmut/Pois      #.........   99%         3
 Static Discharge         Conj/Air       #.......     99%         3
 Stone Arrow              Conj/Erth      #.....       99%         3
 Summon Guardian Golem    Hex/Summ       #.......     99%         3
 Tukima's Dance           Hex            #.......     99%         3
 Animate Dead             Necr           #.........   100%        4
 Fulminant Prism          Conj/Hex       #.........   100%        4
 Ice Form                 Ice/Tmut       #.......     100%        4
 Iskenderun's Mystic Bla  Conj/Tloc      #.......     100%        4
 Leda's Liquefaction      Hex/Erth       #.........   100%        4
 Olgreb's Toxic Radiance  Pois           #.......     100%        4
 Petrify                  Tmut/Erth      #.......     100%        4
 Sticky Flame             Conj/Fire      #.......     100%        4
 Summon Ice Beast         Ice/Summ       #.......     100%        4
 Summon Lightning Spire   Summ/Air       #.......     100%        4
 Blade Hands              Tmut           #.........   100%        5
 Borgnjor's Vile Clutch   Necr/Erth      #.........   100%        5
 Fireball                 Conj/Fire      #.........   100%        5
 Lee's Rapid Deconstruct  Erth           #.........   100%        5
 Lightning Bolt           Conj/Air       #.........   100%        5
 Metabolic Englaciation   Hex/Ice        #.........   100%        5
 Silence                  Hex/Air        #.........   100%        5
 Summon Demon             Summ           #.........   100%        5
 Summon Forest            Summ/Tloc      #.........   100%        5
 Summon Mana Viper        Hex/Summ       #.......     100%        5
 Yara's Violent Unravell  Hex/Tmut       #.........   100%        5
 Conjure Ball Lightning   Conj/Air       #.........   100%        6
 Death Channel            Necr           #.........   100%        6
 Freezing Cloud           Conj/Ice/Air   #.........   100%        6
 Shadow Creatures         Summ           N/A          100%        6
 Simulacrum               Ice/Necr       #.........   100%        6
 Starburst                Conj/Fire      #.........   100%        6
 Haunt                    Necr/Summ      #.........   100%        7
 Summon Hydra             Summ           #.........   100%        7
 Borgnjor's Revivificati  Necr           #.........   100%        8
 Ignition                 Fire           #.........   100%        8
 Infestation              Necr           #.........   100%        8
 Necromutation            Tmut/Necr      #.........   100%        8
 Death's Door             Necr           #.........   100%        9
 Shatter                  Erth           #.........   100%        9
 Tornado                  Air            #.........   100%        9


Dungeon Overview and Level Annotations

Branches:
Dungeon (15/15)            Temple (1/1) D:6            Lair (6/6) D:11
 Shoals (4/4) Lair:2       Spider (4/4) Lair:4        Slime (0/5) Lair:5
    Orc (2/2) D:11            Elf (0/3) Orc:2        Vaults (5/5) D:13
  Crypt (3/3) Vaults:3       Tomb (0/3) Crypt:3      Depths (5/5) D:15
    Zot (0/5) Depths:5    Volcano (visited)          WizLab (visited)
Gauntlet (visited)

Altars:
Ashenzari
Cheibriados
Dithmenos
Elyvilon
Fedhas
Gozag
Hepliaklqana
Kikubaaqudgha
Makhleb
Nemelex Xobeh
Okawaru
Qazlal
Ru
Sif Muna
Trog
Uskayaw
Vehumet
Wu Jian
Xom
Yredelemnul
Zin
The Shining One
Beogh

Shops:
D:4 !   D:5 [   D:10 :   D:15 ?   Orc:2 (}!*}   Shoals:2 !   Shoals:3 [
Vaults:1 (   Depths:1 *   Depths:2 }=}!   Depths:5 [![(!

Portals:
Hell: Lair:6 Depths:1 Depths:2 Depths:3 Depths:4 Depths:5
Abyss: Depths:1 Depths:4 Depths:5
Pandemonium: Orc:2 Depths:1 Depths:3 Depths:4
Ziggurat: Depths:3

Annotations:
D:7 1 runed translucent door, xraymikek's ghost, novice DrFE
D:10 2 runed translucent doors, belegose's ghost, journeyman NaCj
Lair:2 2 transporters, Pegaph's ghost, journeyman PaAM
Shoals:4 3 runed translucent doors, ThatOtherGuy53's ghost, adept HOFi
Orc:1 3 runed translucent doors, sand's ghost, journeyman HOFi


Innate Abilities, Weirdness & Mutations

You are resistant to torment.
Your stone body is resilient. (AC +20)
You are immune to poison.
Your large and strong wings let you fly indefinitely.
You resist negative energy. (rN+)
You are resistant to electric shocks. (rElec)
You can survive without breathing.
You are immune to petrification.
You are immune to rotting.
You have sharp toenails.
You are partially covered in thin metallic scales. (AC +2)
You expend magic power (3 MP) to strengthen your wands.


Message History

The tentacled monstrosity is engulfed in freezing vapours.
The white very ugly thing is engulfed in freezing vapours.
The anaconda is engulfed in freezing vapours.
The tengu reaver is engulfed in freezing vapours.
The yaktaur captain is engulfed in freezing vapours.
The ancient lich is engulfed in freezing vapours.
The ancient lich touches you but does no damage.
The yaktaur is engulfed in freezing vapours.
The tentacled monstrosity is engulfed in freezing vapours.
The war gargoyle is engulfed in freezing vapours.
The Executioner is engulfed in freezing vapours.
The vault guard is engulfed in freezing vapours.
You kill the vault guard!
Okawaru accepts your kill.
The deep elf annihilator is engulfed in freezing vapours.
The ancient lich is engulfed in freezing vapours.
You block the ancient lich's attack. The ancient lich casts a spell at you.
The iron shot hits you!!!
You die...

§F #....# #.#.
§CD#..§§§#§#§ §
§§D#§§§§#§#e §#
C§§§§§§c§*p *#
##§§cp○X§§#Q###
..§e§S§eeQ§§§..
..§§91WD1c°§§○§
..§pCDX@Cux§§§§
.§§§(DLLLD§§§§§
##§☼uX1uuC#####
§*§§§WCWD§§§
§#Q#§§§x#§§pQ
#Q #.§§§#..#§§#
X #§§C.#..#§§§
#§§§e#..# ..


You could see a Hell Sentinel (summoned), 3 shadow dragons, 3 tentacled
monstrosities, 3 titans, 2 golden dragons, 3 ancient liches, 2 storm dragons, 2
frost giants, 3 very ugly things, a fire giant, 3 vault wardens, 5 tengu
reavers, a death knight (reflects damage), 2 yaktaur captains, a deep elf
annihilator, a green ugly thing, an ettin, 2 Executioners, a deep elf sorcerer
(fast), an anaconda shaped shifter (slow), a war gargoyle, a deep elf knight, 2
deep elf high priests, a large abomination, 3 phantasmal warriors, a yaktaur, a
goliath frog, a +4 mace of holy wrath, 3 battlespheres and 2 crawling corpses.

Vanquished Creatures
  Khufu (Crypt:1)
  Mara (Spider:3)
  Mennas (Crypt:3)
  An ancient lich (Crypt:3)
  3 royal mummies
  5 caustic shrikes (Depths:4)
  2 golden dragons (Depths:4)
  Arachne (Spider:4)
  Nikola (Shoals:3)
  A bone dragon (Crypt:3)
  5 liches
  Rupert (D:15)
  The ghost of Ulaemata the Spry, an adept HaHu of Gozag (Vaults:3)
  A tentacled monstrosity (Depths:4)
  A kraken (Shoals:3)
  A quicksilver dragon (Vaults:5)
  3 ancient champions
  Kirke (Shoals:1)
  5 sphinxes
  3 tengu reavers
  Donald (Shoals:3)
  A storm dragon (Depths:3)
  3 shadow dragons
  4 revenants
  Ilsuiw (Shoals:3)
  9 fire giants
  4 frost giants
  3 ghost moths
  An iron dragon (Depths:2)
  3 ghouls
  Louise (Spider:4)
  A draconian stormcaller (Depths:5)
  9 emperor scorpions
  2 curse skulls
  9 vault wardens
  A draconian shifter (Depths:5)
  5 war gargoyles
  A spriggan defender (Depths:3)
  23 stone giants
  16 ironheart preservers
  25 very ugly things
  2 black draconians (Depths:5)
  3 vampire knights
  3 deep elf demonologists
  A yellow draconian (Depths:5)
  9 entropy weavers
  Azrael (Spider:3)
  A white draconian (Depths:5)
  A minotaur (Gauntlet)
  6 spark wasps
  2 purple draconians (Depths:5)
  A dire elephant (Lair:6)
  5 eidola
  Snorg (D:13)
  8 ettins
  A deep elf annihilator (Vaults:5)
  4 crystal guardians
  2 deep elf death magi (Vaults:3)
  A death ooze (Gauntlet)
  Josephine (Spider:1)
  4 merfolk javelineers
  6 mummy priests
  3 deep elf high priests
  9 fire dragons
  8 great orbs of eyes
  16 yaktaur captains
  3 merfolk impalers
  14 ice dragons
  6 jiangshi
  11 rakshasas
  27 vault guards
  Fannar (Lair:1)
  9 hydras
  5 alligator snapping turtles
  A hell beast (Depths:2)
  5 merfolk avatars
  9 centaur warriors
  3 spriggan air magi
  3 deep troll shamans
  9 boulder beetles
  3 death knights (D:13)
  2 merfolk aquamancers
  4 satyrs
  24 two-headed ogres
  11 dancing weapons
  8 death yaks
  5 vampire magi
  7 deep troll earth magi
  5 orc high priests (Orc:2)
  8 tengu warriors
  11 ogre magi
  3 spriggan berserkers (Depths:5)
  A storm dragon zombie (Crypt:3)
  A titan zombie (Crypt:3)
  5 soul eaters
  6 deep elf knights
  33 skeletal warriors
  3 sun demons
  A sixfirhy (Lair:6)
  A storm dragon skeleton (Crypt:3)
  A salamander mystic (Depths:3)
  21 hell knights
  5 flayed ghosts
  A golden dragon zombie (Crypt:3)
  An anaconda zombie (Crypt:1)
  20 deep trolls
  12 sea snakes
  4 unseen horrors
  4 shadow wraiths
  3 glowing orange brains
  3 deep elf archers
  A torturous demonspawn (Orc:2)
  14 ironbrand convokers
  A lindwurm (Lair:4)
  A shadow demon (Depths:4)
  5 phantasmal warriors
  An obsidian statue (Depths:2)
  4 wizards
  A gelid demonspawn (Orc:2)
  A golden dragon skeleton (Depths:2)
  14 orc knights
  13 necromancers
  3 large abominations (Gauntlet)
  2 tengu zombies (WizLab)
  A harpy (shapeshifter) (Vaults:1)
  7 deep elf magi
  3 anaconda skeletons
  11 harpies
  27 wolf spiders
  7 orc sorcerers
  An iron dragon zombie (Crypt:3)
  21 orb spiders
  21 ugly things
  A shadow dragon skeleton (Crypt:3)
  A fire giant zombie (Crypt:3)
  A frost giant zombie (Crypt:3)
  16 manticores
  3 stone giant zombies (WizLab)
  10 cyclopes
  23 fauns
  2 oklob plants
  A fire giant skeleton (Crypt:3)
  6 centaur zombies
  An iron dragon skeleton (Crypt:2)
  3 salamanders (Depths:3)
  3 rust devils
  A naga mage (D:15)
  9 vault sentinels
  A frost giant skeleton (Vaults:3)
  6 elephants
  Joseph (D:10)
  6 water nymphs
  2 storm dragon simulacra (Depths:2)
  11 merfolk sirens
  10 cane toads
  4 black mambas
  3 smoke demons
  A demonspawn zombie (WizLab)
  A torpor snail (Spider:1)
  9 gargoyles
  An alligator snapping turtle zombie (Crypt:2)
  A red draconian zombie (Crypt:2)
  A minotaur zombie (Gauntlet)
  A yaktaur zombie (WizLab)
  10 komodo dragons
  4 orange demons
  9 demonic crawlers
  A sea snake zombie (Crypt:2)
  A yellow draconian zombie (Crypt:1)
  6 rime drakes
  4 spriggan zombies (WizLab)
  9 freezing wraiths
  3 tormentors
  4 guardian mummies
  4 hellwings
  A komodo dragon (shapeshifter) (Vaults:2)
  61 yaktaurs
  A merfolk (shapeshifter) (Depths:3)
  4 ice devils
  2 polar bears
  31 merfolk
  12 hornets
  An elf skeleton (Depths:2)
  5 wind drakes
  A tengu simulacrum (Vaults:2)
  5 tengu conjurers
  14 trolls
  Grinder (D:5)
  3 harpy skeletons
  3 red devils
  A polar bear (shapeshifter) (Depths:4)
  20 jumping spiders
  2 hornets (shapeshifter)
  A catoblepas skeleton (Crypt:2)
  A deep troll zombie (WizLab)
  13 blink frogs
  8 dream sheep
  19 slime creatures
  2 ettin zombies
  8 snapping turtles
  2 frost giant simulacra
  A stone giant simulacrum (Depths:1)
  An alligator skeleton (Volcano)
  4 spriggans (Depths:5)
  10 wraiths
  A deep troll skeleton (Depths:1)
  A tarantella (shapeshifter) (Depths:1)
  7 water elementals
  83 redbacks
  A ynoxinul (Depths:4)
  45 tarantellas
  37 flying skulls
  6 wyverns
  A shadow (D:13)
  2 vampires
  41 yaks
  A hog (shapeshifter) (Vaults:4)
  Grum (D:8)
  5 basilisks
  3 fire elementals (Spider:3)
  A human (shapeshifter) (Depths:4)
  4 steam dragons
  2 chaos spawn (Orc:2)
  4 vampire mosquitoes (D:15)
  A neqoxec (Depths:1)
  2 swamp worms (Gauntlet)
  A warg (Vaults:2)
  A soldier ant (D:13)
  13 water moccasins
  8 hell hounds
  A floating eye (Depths:4)
  A human skeleton (Depths:1)
  3 ice beasts
  39 orc warriors
  3 black bears
  A hornet zombie (D:10)
  24 ogres
  4 sky beasts
  2 eyes of draining
  7 necrophages
  A phantom (D:6)
  10 centaurs
  14 boggarts
  An orc zombie (WizLab)
  12 wolves
  An elf simulacrum (Depths:2)
  4 big kobolds
  An elf zombie (Crypt:2)
  17 bullfrogs
  8 small abominations
  A wyvern skeleton (D:13)
  A cyclops skeleton (Crypt:1)
  10 scorpions
  8 wights
  10 killer bees (D:13)
  A howler monkey (D:4)
  A raiju skeleton (Crypt:1)
  3 electric eels (D:13)
  3 spriggan skeletons (Volcano)
  3 troll skeletons (Volcano)
  7 crimson imps
  5 bullfrog zombies
  A human simulacrum (Vaults:1)
  5 jellies
  2 bullfrog skeletons
  6 centaur skeletons
  5 hounds
  19 orc wizards
  25 orc priests
  An iron imp (Depths:2)
  2 iguanas
  8 worker ants
  5 hell rats (Lair:5)
  A felid skeleton (Crypt:1)
  A naga skeleton (Volcano)
  A big kobold skeleton (Crypt:1)
  A hound zombie (D:9)
  A mummy (Crypt:1)
  A worker ant zombie (D:5)
  9 gnolls
  2 river rats (Lair:2)
  17 adders
  3 shadow imps
  5 white imps
  4 ufetubi
  2 adder skeletons
  7 worms
  3 dart slugs
  6 leopard geckos
  76 orcs
  3 ball pythons
  A bat zombie (Crypt:1)
  6 giant cockroaches
  3 goblins
  5 hobgoblins
  2 jackals (D:2)
  4 quokkas
  6 bats
  2 frilled lizards
  A gnoll skeleton (Crypt:2)
  A goblin zombie (Crypt:2)
  19 kobolds
  A quokka zombie (D:5)
  4 rats
  3 rat zombies (D:2)
  5 tentacles (Shoals:3)
1941 creatures vanquished.

Vanquished Creatures (others)
  Frederick (Crypt:3)
  A draconian scorcher (Depths:4)
  An ice dragon (D:15)
  A vault guard (Vaults:5)
  A dancing weapon (Crypt:3)
  An unseen horror (D:13)
  An orb spider (Spider:4)
  A wizard (D:12)
  A merfolk (Shoals:3)
  5 dream sheep (Lair:5)
  A redback (Spider:3)
  3 humans (Shoals:1)
  An orc warrior (D:13)
  An ogre (Vaults:3)
  An orc wizard (D:9)
  An orc (D:13)
  20 fungi
  217 plants
  8 tentacles (Shoals:3)
  5 toadstools (Depths:5)
  2 withered plants (D:7)
274 creatures vanquished.

Grand Total: 2215 creatures vanquished

Notes
Turn   | Place    | Note
-------+----------+-------------------------------------------
     0 | D:1      | timneilson the Gargoyle Fighter began the quest for the
                  | Orb.
     0 | D:1      | Reached XP level 1. HP: 14/14 MP: 1/1
   147 | D:1      | Reached XP level 2. HP: 19/19 MP: 2/2
   440 | D:2      | Reached XP level 3. HP: 19/23 MP: 3/3
   632 | D:2      | Reached XP level 4. HP: 12/29 MP: 4/4
  1113 | D:2      | Found a shimmering altar of Xom.
  1129 | D:2      | Found a basalt altar of Yredelemnul.
  1131 | D:2      | Found a blossoming altar of Fedhas.
  1547 | D:2      | Found a faded altar of an unknown god.
  1590 | D:2      | Found an ancient bone altar of Kikubaaqudgha.
  1681 | D:3      | Reached XP level 5. HP: 33/33 MP: 5/5
  2081 | D:4      | Reached XP level 6. HP: 37/38 MP: 6/6
  2312 | D:4      | Reached skill level 5 in Armour
  2312 | D:4      | Reached skill level 5 in Shields
  2584 | D:4      | Found a bloodstained altar of Trog.
  2594 | D:4      | Reached XP level 7. HP: 42/44 MP: 7/7
  3062 | D:4      | Found Ceneneuf's Distillery.
  3092 | D:5      | Entered Level 5 of the Dungeon
  3096 | D:5      | Found Byoz's Armour Boutique.
  3661 | D:5      | Noticed Grinder
  3672 | D:5      | Paralysed by Grinder for 6 turns
  3690 | D:5      | Killed Grinder
  3691 | D:5      | Reached XP level 8. HP: 22/48 MP: 8/8
  3874 | D:5      | Reached skill level 5 in Fighting
  3999 | D:5      | Found a shadowy altar of Dithmenos.
  4209 | D:5      | Reached skill level 5 in Long Blades
  5154 | D:6      | Reached XP level 9. HP: 41/54 MP: 9/9
  5298 | D:6      | Found a staircase to the Ecumenical Temple.
  5309 | Temple   | Entered the Ecumenical Temple
  5342 | Temple   | Became a worshipper of Warmaster Okawaru
  5713 | D:7      | Found a runed translucent door.
  5713 | D:7      | Noticed xraymikek's ghost (novice DrFE)
  5826 | D:7      | Reached skill level 1 in Evocations
  5917 | D:7      | Reached * piety under Okawaru
  5979 | D:7      | Found a stormy altar of Qazlal.
  6254 | D:7      | HP: 2/55 [orc priest/divine providence (12)]
  7029 | D:8      | Reached skill level 1 in Invocations
  7289 | D:8      | Noticed Grum
  7332 | D:8      | Killed Grum
  7499 | D:8      | Reached ** piety under Okawaru
  7500 | D:8      | Reached XP level 10. HP: 61/61 MP: 11/11
  7509 | D:8      | Found a bloodstained altar of Trog.
  8116 | D:9      | Noticed a two-headed ogre
  8128 | D:9      | Killed a two-headed ogre
  8572 | D:9      | Reached *** piety under Okawaru
  8796 | D:9      | Noticed a two-headed ogre
  8826 | D:9      | Killed a two-headed ogre
  8864 | D:9      | Received a gift from Okawaru
  9272 | D:10     | Entered Level 10 of the Dungeon
  9393 | D:10     | Reached **** piety under Okawaru
  9394 | D:10     | Reached XP level 11. HP: 56/67 MP: 13/13
  9607 | D:10     | Found a runed translucent door.
  9609 | D:10     | Noticed a yaktaur captain
  9609 | D:10     | Noticed a centaur warrior
  9609 | D:10     | Noticed a war gargoyle
  9610 | D:10     | Noticed a lich
  9614 | D:10     | Noticed a skeletal warrior
  9614 | D:10     | Noticed belegose's ghost (journeyman NaCj)
  9616 | D:10     | Noticed a necromancer
  9617 | D:10     | Found a runed translucent door.
  9709 | D:10     | Reached skill level 10 in Shields
  9935 | D:10     | Noticed Joseph
  9951 | D:10     | Killed Joseph
  9952 | D:10     | Reached skill level 10 in Armour
 10168 | D:10     | Found Lohoer's Book Shoppe.
 10456 | D:11     | Noticed a green ugly thing
 10469 | D:11     | Killed a green ugly thing
 10492 | D:11     | Found a staircase to the Orcish Mines.
 10605 | D:11     | Found a gate leading to a gauntlet.
 10616 | Gauntlet | Entered a Gauntlet
 10616 | Gauntlet | Found a transporter.
 10616 | Gauntlet | Found a transporter.
 10619 | Gauntlet | Found a transporter.
 10619 | Gauntlet | Found a transporter.
 10623 | Gauntlet | Found a transporter.
 10623 | Gauntlet | Found a transporter.
 10658 | Gauntlet | Found a transporter.
 10659 | Gauntlet | Found a transporter.
 10661 | Gauntlet | Noticed a large abomination
 10676 | Gauntlet | Found a transporter.
 10680 | Gauntlet | Identified the ring "Uni Cybb" {rPois AC+4 Dex+2}
 10680 | Gauntlet | Noticed a balrug
 10683 | Gauntlet | Found a transporter.
 10697 | Gauntlet | Found a transporter.
 10701 | Gauntlet | Found a transporter.
 10704 | Gauntlet | Noticed a death ooze
 10713 | Gauntlet | Noticed an oklob plant
 10898 | Gauntlet | Killed a death ooze
 10906 | Gauntlet | Got a pitted golden ring
 10912 | Gauntlet | Identified the ring of the Hero {+Blink rElec Int-2 SInv}
                  | (You found it in a Gauntlet)
 10994 | Gauntlet | Killed a large abomination
 11037 | Gauntlet | Got a vibrating silver ring
 11043 | Gauntlet | Identified the ring of Teun {rF+ Int+3} (You found it in a
                  | Gauntlet)
 11150 | Gauntlet | Noticed a minotaur
 11193 | Gauntlet | Killed a minotaur
 11212 | Gauntlet | Reached ***** piety under Okawaru
 11519 | D:11     | Reached XP level 12. HP: 40/73 MP: 15/15
 11534 | D:11     | Reached skill level 5 in Invocations
 11719 | D:11     | Found a staircase to the Lair.
 12206 | D:11     | Found a basalt altar of Yredelemnul.
 13024 | D:12     | Reached skill level 5 in Evocations
 13045 | D:12     | Noticed a two-headed ogre
 13055 | D:12     | Killed a two-headed ogre
 13255 | D:12     | Found a bloodstained altar of Trog.
 13747 | D:12     | Received a gift from Okawaru
 13895 | D:12     | Received a gift from Okawaru
 13985 | D:13     | Noticed a centaur warrior
 14005 | D:13     | Killed a centaur warrior
 14141 | Lair:1   | Entered Level 1 of the Lair of Beasts
 14389 | Lair:1   | Noticed Fannar
 14491 | Lair:1   | Killed Fannar
 14668 | Lair:1   | Received a gift from Okawaru
 14692 | Lair:1   | Reached XP level 13. HP: 61/80 MP: 17/17
 15044 | Lair:1   | Reached skill level 10 in Long Blades
 16001 | Lair:2   | Found a staircase to the Shoals.
 16484 | Lair:2   | Noticed Pegaph's ghost (journeyman PaAM)
 16485 | Lair:2   | Found a transporter.
 16489 | Lair:2   | Found a transporter.
 16991 | Lair:2   | You fall into a shaft and drop 1 floor!
 17007 | Lair:3   | Reached ****** piety under Okawaru
 17007 | Lair:3   | Received a gift from Okawaru
 17016 | Lair:3   | Identified a +2 pair of boots of running (Okawaru gifted it
                  | to you on level 3 of the Lair of Beasts)
 17223 | Lair:3   | Found a dark tunnel.
 17240 | Volcano  | Entered a volcano
 19057 | Lair:4   | Gained mutation: Your large and strong wings let you fly
                  | indefinitely. [Gargoyle growth]
 19057 | Lair:4   | Reached XP level 14. HP: 87/87 MP: 19/19
 19281 | Lair:4   | Found a hole to the Spider Nest.
 19665 | Lair:4   | Received a gift from Okawaru
 19873 | Lair:4   | Reached skill level 10 in Fighting
 20353 | Lair:5   | Found a staircase to the Slime Pits.
 20949 | Lair:5   | Found a shimmering altar of Xom.
 21289 | Lair:5   | You fall into a shaft and drop 1 floor!
 21289 | Lair:6   | Entered Level 6 of the Lair of Beasts
 22475 | Lair:6   | Noticed a dire elephant
 22504 | Lair:6   | Killed a dire elephant
 22568 | Lair:6   | Received a gift from Okawaru
 23111 | Lair:6   | Found a burning altar of Makhleb.
 23182 | Lair:6   | Reached XP level 15. HP: 44/93 MP: 4/21
 23193 | Lair:6   | Found a gateway to Hell.
 24445 | Orc:1    | Entered Level 1 of the Orcish Mines
 24718 | Orc:2    | Entered Level 2 of the Orcish Mines
 24718 | Orc:2    | Found a staircase to the Elven Halls.
 24901 | Orc:1    | Found a runed translucent gate.
 24916 | Orc:1    | Found a runed translucent gate.
 24916 | Orc:1    | Found a runed translucent gate.
 24918 | Orc:1    | Noticed sand's ghost (journeyman HOFi)
 25248 | Orc:2    | Found a roughly hewn altar of Beogh.
 25279 | Orc:2    | Found Nawniuz's Gadget Boutique.
 25288 | Orc:2    | Bought a wand of acid (2) for 168 gold pieces
 25564 | Orc:2    | Found Arhaler's General Store.
 25642 | Orc:2    | Found Ushev's Distillery.
 25972 | Orc:2    | Bought a potion of heal wounds for 70 gold pieces
 25981 | Orc:2    | Bought a potion of experience for 550 gold pieces
 25981 | Orc:2    | Reached XP level 16. HP: 95/99 MP: 22/22
 26075 | Orc:2    | Gained mutation: You are weak. (Str -2) [a neqoxec]
 26103 | Orc:2    | Found Lutiafi's Antique Weapon Emporium.
 26103 | Orc:2    | Found a one-way gate leading to the halls of Pandemonium.
 26103 | Orc:2    | Found Zuyrhy's Gadget Shoppe.
 26839 | D:13     | Received a gift from Okawaru
 26901 | D:13     | Noticed Snorg
 26982 | D:13     | Killed Snorg
 27673 | D:13     | Identified Sif Muna's Reference Book on Hexes
 27749 | D:13     | Found a gate to the Vaults.
 28073 | D:13     | Received a gift from Okawaru
 29471 | D:14     | Reached skill level 15 in Armour
 29736 | D:14     | Reached skill level 15 in Shields
 30174 | D:15     | Entered Level 15 of the Dungeon
 30437 | D:15     | Noticed Rupert
 30440 | D:15     | Reached XP level 17. HP: 102/104 MP: 24/24
 30475 | D:15     | Killed Rupert
 30585 | D:15     | Found Qauz's Magic Scroll Emporium.
 30742 | D:15     | Found a staircase to the Depths.
 31628 | Shoals:1 | Entered Level 1 of the Shoals
 31673 | Shoals:1 | Noticed Kirke
 31698 | Shoals:1 | Killed Kirke
 32163 | Shoals:1 | Reached skill level 10 in Invocations
 32295 | Shoals:1 | Received a gift from Okawaru
 33048 | Shoals:2 | Found Sean's Distillery.
 34560 | Shoals:3 | Noticed Ilsuiw
 34565 | Shoals:3 | Noticed Donald
 34594 | Shoals:3 | Killed Donald
 34626 | Shoals:3 | Killed Ilsuiw
 34968 | Shoals:3 | Noticed a kraken
 35442 | Shoals:3 | HP: 2/106 [merfolk/boomerang (7)]
 35901 | Shoals:3 | Killed a kraken
 36373 | Shoals:3 | Found Bahal's Armour Shoppe.
 36835 | Shoals:3 | Reached XP level 18. HP: 74/112 MP: 18/25
 37011 | Shoals:3 | Noticed Nikola
 37050 | Shoals:3 | Killed Nikola
 37551 | Shoals:4 | Entered Level 4 of the Shoals
 37848 | Shoals:4 | Found a runed translucent gate.
 37852 | Shoals:4 | Found a runed translucent gate.
 37852 | Shoals:4 | Found a runed translucent gate.
 38502 | Shoals:4 | Received a gift from Okawaru
 38505 | Shoals:4 | Got a spiked cloak {god gift}
 38506 | Shoals:4 | Identified the +0 cloak "Udiaxec" {rElec rN+ Str+3 Slay+3}
                  | (Okawaru gifted it to you on level 4 of the Shoals)
 38947 | Shoals:4 | Got a barnacled rune of Zot
 39249 | Shoals:4 | Noticed ThatOtherGuy53's ghost (adept HOFi)
 39530 | Spider:1 | Entered Level 1 of the Spider Nest
 39566 | Spider:1 | Found a runed translucent door.
 39999 | Spider:1 | Noticed Josephine
 40036 | Spider:1 | Killed Josephine
 40956 | Spider:2 | Received a gift from Okawaru
 40962 | Spider:2 | Got a scorched falchion {god gift}
 40963 | Spider:2 | Identified the +7 falchion of Quzex {holy, Will+ Str+3}
                  | (Okawaru gifted it to you on level 2 of the Spider Nest)
 41039 | Spider:2 | Reached skill level 10 in Evocations
 41552 | Spider:2 | Reached XP level 19. HP: 109/118 MP: 20/27
 42414 | Spider:3 | Noticed Mara
 42522 | Spider:3 | Noticed timneilson's illusion
 42749 | Spider:3 | Noticed timneilson's illusion
 42782 | Spider:3 | Killed Mara
 43289 | Spider:3 | Noticed Azrael
 43301 | Spider:3 | Killed Azrael
 43966 | Spider:4 | Entered Level 4 of the Spider Nest
 44313 | Spider:4 | Got a jewelled scimitar
 44327 | Spider:4 | Identified the cursed +0 scimitar "Wuovver" {holy, Str+4}
                  | (You found it on level 4 of the Spider Nest)
 44344 | Spider:4 | Noticed Arachne
 44369 | Spider:4 | Killed Arachne
 44517 | Spider:4 | Reached skill level 15 in Long Blades
 44541 | Spider:4 | Received a gift from Okawaru
 45119 | Spider:4 | Noticed Louise
 45159 | Spider:4 | Killed Louise
 45333 | Spider:4 | Got a gossamer rune of Zot
 46061 | Depths:1 | Entered Level 1 of the Depths
 46073 | Depths:1 | Reached XP level 20. HP: 125/125 MP: 29/29
 46500 | Depths:1 | Found Nocytem's General Store.
 46503 | Depths:1 | Bought a scroll of identify for 36 gold pieces
 46503 | Depths:1 | Bought a wand of digging (3) for 252 gold pieces
 46503 | Depths:1 | Bought a scroll of enchant armour for 135 gold pieces
 46510 | Depths:1 | Found a magical portal.
 46527 | WizLab   | Entered Doroklohe's Tomb
 46782 | WizLab   | Noticed a royal mummy
 46807 | WizLab   | Killed a royal mummy
 46807 | WizLab   | Received a gift from Okawaru
 46810 | WizLab   | Gained mutation: You are clumsy. (Dex -2) [a neqoxec]
 48039 | Depths:1 | Received a gift from Okawaru
 48537 | Depths:1 | Found a one-way gate to the infinite horrors of the Abyss.
 49299 | Depths:2 | Reached XP level 21. HP: 122/132 MP: 28/30
 49542 | Depths:2 | Found the +8 mithril axe "Arga" {speed, Will+}
 49589 | Depths:2 | Lost mutation: You are weak. (Str -2) [potion of mutation]
 49589 | Depths:2 | Lost mutation: You are clumsy. (Dex -2) [potion of
                  | mutation]
 49589 | Depths:2 | Gained mutation: You have sharp toenails. [potion of
                  | mutation]
 49589 | Depths:2 | Gained mutation: You are partially covered in thin metallic
                  | scales. (AC +2) [potion of mutation]
 49589 | Depths:2 | Gained mutation: You expend magic power (3 MP) to
                  | strengthen your wands. [potion of mutation]
 49659 | Depths:2 | Found Asasoos's Gadget Boutique.
 49660 | Depths:2 | Found Fotsumny's Jewellery Shoppe.
 49661 | Depths:2 | Found Tixtyewk's Gadget Boutique.
 49674 | Depths:2 | Bought an uncursed amulet of reflection for 600 gold pieces
 50064 | Depths:2 | Found Ompoucvewe's Distillery.
 50103 | Depths:2 | Bought a potion of curing for 69 gold pieces
 50103 | Depths:2 | Bought a potion of heal wounds for 115 gold pieces
 50103 | Depths:2 | Bought a potion of curing for 69 gold pieces
 50103 | Depths:2 | Bought a potion of curing for 69 gold pieces
 51521 | Depths:3 | Received a gift from Okawaru
 51563 | Depths:3 | Identified a scroll of acquirement
 52143 | Depths:3 | Found a gateway to a ziggurat.
 52348 | Depths:3 | Acquired the ring "Kiuteu Gull" {rF+ Str+6 Int-5 Dex+6
                  | Stlth-}
 52390 | Depths:2 | Bought an uncursed amulet of regeneration for 600 gold
                  | pieces
 52789 | Depths:4 | Paralysed by a floating eye for 2 turns
 53159 | Depths:4 | Noticed a golden dragon
 53171 | Depths:4 | Killed a golden dragon
 53171 | Depths:4 | Received a gift from Okawaru
 53172 | Depths:4 | Reached XP level 22. HP: 123/138 MP: 30/32
 53257 | Depths:4 | Identified the +4 demon trident of the Chain {freeze,
                  | Int+6}
 53283 | Depths:4 | Noticed a golden dragon
 53300 | Depths:4 | Killed a golden dragon
 53949 | Depths:5 | Entered Level 5 of the Depths
 54152 | Depths:5 | Noticed a caustic shrike
 54154 | Depths:5 | Noticed a caustic shrike
 54157 | Depths:5 | Noticed a caustic shrike
 54158 | Depths:5 | Noticed a caustic shrike
 54168 | Depths:5 | Noticed a caustic shrike
 54205 | Depths:4 | Killed a caustic shrike
 54391 | Depths:4 | Killed a caustic shrike
 54397 | Depths:4 | Killed a caustic shrike
 54411 | Depths:4 | Killed a caustic shrike
 54461 | Depths:4 | Killed a caustic shrike
 54690 | Depths:5 | Reached skill level 15 in Fighting
 54740 | Depths:5 | Found a gate to the Realm of Zot.
 54972 | Depths:5 | Found Cotoo's Weapon Emporium.
 54980 | Depths:5 | Received a gift from Okawaru
 54983 | Depths:5 | Identified the +2 swamp dragon scales of Indomitability
                  | {+Blink rPois rF- rCorr Dex+8} (Okawaru gifted it to you on
                  | level 5 of the Depths)
 55019 | Depths:5 | Found Emudghadyk's Antique Armour Emporium.
 55053 | Depths:5 | Paralysed by a great orb of eyes for 6 turns
 55066 | Depths:5 | Found Hihiawuing's Distillery.
 55068 | Depths:5 | Identified the cursed +1 pearl dragon scales of the Eagle
                  | {rN+ Slay+2} (You found it on level 5 of the Depths)
 55075 | Depths:5 | Bought a potion of curing for 48 gold pieces
 55075 | Depths:5 | Bought a potion of mutation for 128 gold pieces
 55075 | Depths:5 | Bought a potion of curing for 48 gold pieces
 55075 | Depths:5 | Bought a potion of curing for 48 gold pieces
 55075 | Depths:5 | Bought a potion of curing for 48 gold pieces
 55075 | Depths:5 | Bought a potion of haste for 160 gold pieces
 55075 | Depths:5 | Bought a potion of resistance for 160 gold pieces
 55082 | Depths:5 | Got a glittering tin ring
 55083 | Depths:5 | Identified the ring of the Empty Page {rF+ Dex+2 Stlth-}
                  | (You found it on level 5 of the Depths)
 55102 | Depths:5 | Found Omowobod's Armour Shoppe.
 55125 | Depths:5 | Found Oross's Distillery.
 55128 | Depths:5 | Bought a potion of curing for 48 gold pieces
 55128 | Depths:5 | Bought a potion of might for 64 gold pieces
 55128 | Depths:5 | Bought a potion of curing for 48 gold pieces
 55128 | Depths:5 | Bought a potion of mutation for 128 gold pieces
 55128 | Depths:5 | Bought 2 potions of heal wounds for 160 gold pieces
 55128 | Depths:5 | Bought a potion of curing for 48 gold pieces
 55128 | Depths:5 | Bought a potion of mutation for 128 gold pieces
 55128 | Depths:5 | Bought a potion of cancellation for 128 gold pieces
 55414 | Depths:5 | Acquired 528 gold pieces
 55552 | Vaults:1 | Entered Level 1 of the Vaults
 55756 | Vaults:1 | Found Mezxe's Weapon Shop.
 55977 | Vaults:1 | Paralysed by a sphinx for 6 turns
 56444 | Vaults:1 | Reached XP level 23. HP: 144/144 MP: 33/33
 56834 | Vaults:2 | Got a wavering platinum amulet
 56835 | Vaults:2 | Identified the amulet "Uhaif" {rElec Regen+ Str+3 Int-4
                  | SInv} (You found it on level 2 of the Vaults)
 56924 | Vaults:2 | Acquired the +3 pair of gauntlets of War {Slay+5}
 56925 | Vaults:2 | Found the +3 pair of gauntlets of War {Slay+5}
 57900 | Vaults:2 | Received a gift from Okawaru
 57901 | Vaults:2 | Found the +2 Maxwell's thermic engine {flame, freeze}
 58263 | Vaults:3 | Paralysed by a great orb of eyes for 5 turns
 58338 | Vaults:3 | Paralysed by an ogre mage for 3 turns
 58569 | Vaults:3 | Received a gift from Okawaru
 58716 | Vaults:3 | Reached XP level 24. HP: 93/152 MP: 33/33
 58990 | Vaults:3 | Found a staircase to the Crypt.
 59013 | Vaults:3 | Found a runed translucent gate.
 59013 | Vaults:3 | Found a runed translucent gate.
 59013 | Vaults:3 | Found a runed translucent gate.
 59015 | Vaults:3 | Noticed Ulaemata's ghost (adept HaHu)
 59817 | Vaults:3 | Killed Ulaemata's ghost
 59860 | Vaults:3 | Got a pair of ichor-stained boots
 59862 | Vaults:3 | Got a distressingly furry helmet
 59863 | Vaults:3 | Identified the cursed +0 pair of boots of Quiet Fog {rF+}
                  | (You found it on level 3 of the Vaults)
 59864 | Vaults:3 | Identified the cursed +0 helmet "Hyqeo" {-Cast +Inv rPois
                  | Str-4} (You found it on level 3 of the Vaults)
 61222 | Crypt:1  | Entered Level 1 of the Crypt
 61238 | Crypt:1  | Reached skill level 15 in Invocations
 61563 | Crypt:1  | Received a gift from Okawaru
 61612 | Crypt:1  | Noticed a royal mummy
 61639 | Crypt:1  | Killed a royal mummy
 62053 | Crypt:1  | Noticed a royal mummy
 62072 | Crypt:1  | Killed a royal mummy
 62104 | Crypt:1  | Noticed Khufu
 62121 | Crypt:1  | Killed Khufu
 62363 | Crypt:2  | Reached XP level 25. HP: 157/157 MP: 34/34
 62388 | Crypt:2  | Received a gift from Okawaru
 63157 | Crypt:3  | Entered Level 3 of the Crypt
 63287 | Crypt:3  | Noticed Mennas
 63360 | Crypt:3  | Killed Mennas
 63413 | Crypt:3  | Found an ancient bone altar of Kikubaaqudgha.
 63413 | Crypt:3  | Noticed an ancient lich
 63429 | Crypt:3  | Killed an ancient lich
 63429 | Crypt:3  | Received a gift from Okawaru
 63446 | Crypt:3  | Found a staircase to the Tomb.
 63501 | Crypt:3  | Cast into level 4 of the Abyss (a lich)
 63505 | Abyss:4  | Found a corrupted altar of Lugonu.
 63530 | Crypt:3  | Escaped the Abyss
 63791 | Crypt:3  | Noticed Frederick
 63813 | Crypt:3  | Killed Frederick
 64270 | Crypt:3  | Got a flickering turquoise ring
 64270 | Crypt:3  | Got a warped platinum ring
 64270 | Crypt:3  | Got a vibrating steel ring
 64284 | Crypt:3  | Identified the ring of Disaster {*Contam +Fly rElec rN+
                  | Will++} (You found it on level 3 of the Crypt)
 64286 | Crypt:3  | Identified the ring "Miref" {rF+ rC+ rN+ Int+4 SInv} (You
                  | found it on level 3 of the Crypt)
 64287 | Crypt:3  | Identified the ring "Himn" {+Blink +Fly rElec rC- rN+
                  | Slay+2} (You found it on level 3 of the Crypt)
 64664 | Vaults:5 | Entered Level 5 of the Vaults
 64665 | Vaults:5 | Noticed an ancient lich
 64700 | Vaults:5 | Noticed an ancient lich
 64743 | Vaults:5 | Noticed an ancient lich
 64754 | Vaults:5 | Received a gift from Okawaru
 64755 | Vaults:5 | Reached XP level 26. HP: 119/165 MP: 32/34
 64755 | Vaults:5 | Paralysed by an ancient lich for 7 turns
 64762 | Vaults:5 | Killed from afar by an ancient lich

Illustrated notes

Levels and vault maps discovered:
D:1:      giann_bridges, layout_rooms, minmay_misc_feat_roman
D:2:      layout_basic, lemuel_zombie_altar_kikubaaqudgha,
          grunt_temple_overflow_open, chequers_ecumenical_altar_grove
D:3:      layout_rooms
D:4:      layout_basic, kennysheep_little_box, serial_shops,
          nicolae_shop_window_shopping, minmay_misc_feat_tiny
D:5:      layout_loops_ring, nicolae_overflow_crystal_walls, serial_shops,
          shop_fountains, sigmund_army, uniq_grinder
D:6:      layout_cave_pools, minmay_temple_entry_hall,
          kennysheep_generic_room_11
D:7:      layout_basic, gammafunk_ghost_grave, minmay_splitting_lines,
          grunt_qazlal_sundering
D:8:      layout_loops_cross, basic_altar, chequers_serial_rivers_micro_b,
          uniq_grum
D:9:      layout_roguey
D:10:     layout_loops_ring, serial_shops, shop, muffindrake_ghost_dual_entry,
          minmay_chambers_of_fives, uniq_joseph
D:11:     layout_gridville, erik_lair_dragon, david_orc_3, basic_altar,
          gauntlet_entry_generic
D:12:     layout_rooms, trog_wizard
D:13:     cheibrodos_tormentor_scu, layout_basic,
          lightli_vaults_fourway_checkpoint, minivault_14, kennysheep_path_1,
          minmay_checkerbox, uniq_snorg
D:14:     layout_rooms, minmay_misc_feat_hallway
D:15:     grunt_enter_depths_hoard, layout_rooms, serial_shops, shop,
          serial_bayou_shore_b, minmay_librarian, uniq_rupert
Temple:   nicolae_temple_elliptical
Lair:1:   layout_loops_ring, uniq_fannar
Lair:2:   layout_chaotic_city, elwin_shoals_entry_stream, gammafunk_ghost_hive,
          pond
Lair:3:   layout_hall_layers, nicolae_volcano_entry_lava_flow
Lair:4:   layout_cave_pods, nicolae_spider_entry_non_spiders,
          grunt_megastairs_2, infiniplex_staircase_pool
Lair:5:   layout_cave_pods, minmay_slime_entry_oklob_open,
          chequers_serial_rivers_large_a, kb_xom_exploding_sheep
Lair:6:   evil_forest, layout_loops_ring, infiniplex_staircase_pool_2,
          grunt_megastairs_5, lemuel_fruit_tree, serial_bayou_shore_b
Shoals:1: layout_shoals, uniq_kirke
Shoals:2: layout_shoals, serial_shops, nicolae_shop_stone
Shoals:3: cheibrodos_shoals_roost, layout_shoals, serial_shops, shop_fountains,
          uniq_donald, uniq_nikola, uniq_ilsuiw
Shoals:4: shoals_end_grunt_garden, layout_shoals, gammafunk_ghost_tricky_traps
Spider:1: cheibrodos_spider_deadly_dance, uniq_josephine
Spider:2: layout_spider_delve, hangedman_spider_tarantella_strand
Spider:3: layout_spider_delve, uniq_mara, uniq_azrael
Spider:4: grunt_spider_rune_circles, uniq_arachne, uniq_louise
Orc:1:    layout_caves, ebering_ghost_rock_garden
Orc:2:    pf_orc_diabolical, layout_diamond_mine, basic_altar, serial_shops,
          nicolae_shop_trees
Vaults:1: hangedman_vaults_river_flow, nicolae_vaults_network_star, st_lattice,
          v_alt_pattern_4, ontoclasm_vaults_decontamination,
          grunt_vaults_hallway_short, v_misc_8, layout_vaults_omnigrid,
          serial_shops, shop_coins
Vaults:2: vaults_room_stairs_pillars, v_misc_9, vaults_dpeg_doors,
          vaults_room_pool, nicolae_vaults_little_squares_6,
          vaults_standard_mumra_enter_the_diamond, v_misc_13,
          hangedman_vaults_snaps, v_misc_27, nicolae_vaults_ninety_degrees,
          vaults_room_hallway, layout_vaults_omnibox
Vaults:3: gammafunk_vaults_ghost_tricky_traps, minmay_crypt_entry_simple_box,
          ontoclasm_vaults_ring_small, vaults_mumra_hex, v_misc_11, v_rooms_4,
          nicolae_vaults_twisting_passages, hangedman_vaults_unwind,
          grunt_vaults_hallway_long, vaults_room_door_hall, v_misc_19,
          layout_vaults_maze_bifur
Vaults:4: vaults_room_hallway, v_misc_25, dpeg_vaults_monster_box,
          nicolae_vaults_angled_halls, v_misc_25, hangedman_vaults_locks,
          hangedman_vaults_variations, v_misc_27, vaults_mumra_lcd,
          nicolae_vaults_mini_display_case, hangedman_vaults_stream,
          grunt_vaults_diagonal, nicolae_vaults_little_squares_6,
          layout_vaults_big_cross
Vaults:5: serial_shops, uniq_xtahua
Crypt:1:  ragdoll_tomb_raider, layout_regular_city, grunt_crypt_arrival_webbed
Crypt:2:  layout_rooms
Crypt:3:  cryptofortress_bobbens, uniq_frederick, uniq_mennas
Depths:1: layout_basic, abyss_entry_small_statue_room, serial_shops, shop,
          infiniplex_enter_wizlab_water, rand_demon_pan_entry_4,
          serial_bayou_shore_b, grunt_hell_entry_dis_old, nrook_campfire,
          kennysheep_generic_room_6
Depths:2: evilmike_wizard_prison, layout_gridville, serial_shops, shop,
          grunt_hell_entry_demonic_statue, evilmike_butchery,
          infiniplex_staircase_river, minmay_shop_grove
Depths:3: hangedman_cross_stitches, layout_gridlike, enter_ziggurat_e,
          hell_entry, rand_demon_pan_entry_7, kennysheep_random_hallway
Depths:4: minmay_concentric_multi, layout_cave_shapes, minmay_staircase_statues,
          rand_demon_pan_entry_5, hell_entry, abyss_entry_crystal,
          kennysheep_generic_room_2
Depths:5: grunt_zot_entry_funnels, layout_cave_shapes, pf_hell_entry_great_geh,
          serial_shops, shop, nicolae_shop_behind_doors, shop_statue,
          hangedman_abyss_or_decor_jellyfish_corner, abyss_entry,
          minmay_gold_behind_fungi, minmay_shop_star

Skill      XL: |  1  2  3  4  5  6  7  8  9 10 11 12 13 14 15 16 17 18 19 20 21 22 23 24 25 26 |
---------------+-------------------------------------------------------------------------------+-----
Long Blades    | 2 3 4 5 6 7 8 9 10 11 12 13 14 15 16 17 18 19 | 19.2
Shields        | 4 5 6 7 8 9 10 11 12 13 14 15 16 17 18 19 20 21 22 | 22.2
Armour         | 4 5 6 7 8 9 10 11 12 13 14 15 16 17 18 19 20 21 22 | 22.2
Fighting       | 4 5 6 7 8 9 10 11 12 13 14 15 16 | 16.9
Evocations     | 2 3 4 5 6 7 8 9 10 11 12 13 14 | 14.0
Invocations    | 1 3 4 6 7 8 9 10 11 12 13 14 15 | 15.9

Action                   |  1- 3 |  4- 6 |  7- 9 | 10-12 | 13-15 | 16-18 | 19-21 | 22-24 | 25-27 || total
-------------------------+-------+-------+-------+-------+-------+-------+-------+-------+-------++-------
Melee: Long sword        |    95 |   183 |   597 |   913 |       |       |       |       |       ||  1788
       Scimitar          |       |       |       |   389 |  1731 |   176 |       |       |       ||  2296
       Demon blade       |       |       |       |       |       |  2869 |  1846 |  1790 |   729 ||  7234
       Falchion          |       |       |       |       |       |   141 |   247 |       |       ||   388
Invok: Heroism           |       |       |     5 |    25 |    26 |    51 |    44 |    25 |     8 ||   184
       Finesse           |       |       |       |       |     1 |    10 |     6 |     6 |     1 ||    24
 Abil: Fly               |       |       |       |       |     1 |     6 |       |       |     1 ||     8
       Stop Flying       |       |       |       |       |       |     6 |     1 |       |       ||     7
Evoke: Wand              |       |       |       |       |    28 |    15 |       |       |       ||    43
       Condenser vane    |       |       |       |       |       |     1 |     2 |     1 |     2 ||     6
       Lightning rod     |       |       |       |       |       |       |       |       |     3 ||     3
  Use: Scroll            |     5 |     5 |     8 |    17 |     4 |    13 |     6 |    21 |     5 ||    84
       Potion            |       |       |     6 |     5 |     4 |     4 |     4 |     4 |     2 ||    29
 Stab: Held in net/web   |       |       |       |       |       |       |     2 |       |       ||     2
       Distracted        |       |       |       |       |       |       |       |     1 |       ||     1
Armor: Scale mail        |    70 |    68 |    28 |       |       |       |       |       |       ||   166
       Chain mail        |       |       |   408 |   275 |       |       |       |       |       ||   683
       Plate armour      |       |       |       |   318 |   862 |  1705 |  1136 |       |       ||  4021
       Gold dragon scale |       |       |       |       |       |       |       |   896 |   464 ||  1360
Dodge: Dodged            |    30 |    56 |   152 |   194 |   367 |   671 |   487 |   340 |   135 ||  2432
Block: Kite shield       |    67 |   111 |   484 |   674 |  1217 |  2059 |   914 |  1439 |   654 ||  7619
       Tower shield      |       |       |       |       |       |       |  1015 |       |       ||  1015
       Reflection        |       |       |       |       |       |       |    33 |   114 |     5 ||   152
       Rpst.: Long sword |     8 |    11 |    40 |    32 |       |       |       |       |       ||    91
       Scimitar          |       |       |       |    17 |   106 |     9 |       |       |       ||   132
       Demon blade       |       |       |       |       |       |   122 |    75 |    68 |    22 ||   287
       Falchion          |       |       |       |       |       |    16 |    13 |       |       ||    29

Table legend: (Time is in decaauts)
 A = Elapsed time spent in this place.
 B = Non-inter-level travel time spent in this place.
 C = Inter-level travel time spent in this place.
 D = Time resting spent in this place.
 E = Time spent auto-exploring this place.
 F = Levels seen in this place.
 G = Mean time per level.
                   A        B        C        D        E       F      G
               +--------+--------+--------+--------+--------+-----+--------+
         Total |  59088 |  56525 |   2563 |   5792 |  33962 |  49 | 1205.9 |
       Dungeon |  18066 |  17150 |    916 |   1022 |  11673 |  15 | 1204.4 |
        Temple |    172 |    133 |     39 |      0 |    126 |   1 |  172.0 |
          Lair |   9026 |   8347 |    679 |    821 |   5476 |   6 | 1504.3 |
        Shoals |   7016 |   6887 |    129 |   1108 |   3933 |   4 | 1754.0 |
   Spider Nest |   5494 |   5389 |    105 |   1119 |   2814 |   4 | 1373.5 |
  Orcish Mines |   2011 |   1935 |     76 |    210 |    798 |   2 | 1005.5 |
        Vaults |   4936 |   4656 |    280 |      0 |   2956 |   5 |  987.2 |
         Crypt |   2798 |   2701 |     97 |     93 |   1567 |   3 |  932.7 |
        Depths |   7376 |   7138 |    238 |    742 |   3970 |   5 | 1475.2 |
         Abyss |     26 |     26 |      0 |      0 |      0 |   1 |   26.0 |
       Volcano |    695 |    695 |      0 |     23 |    253 |   1 |  695.0 |
        Wizlab |    901 |    901 |      0 |    525 |    215 |   1 |  901.0 |
      Gauntlet |    566 |    566 |      0 |    127 |    177 |   1 |  566.0 |
               +--------+--------+--------+--------+--------+-----+--------+

Top non-repeatable levels by time:
    D:13: 2484 daAuts
Shoals:3: 2298 daAuts
    D:11: 2092 daAuts
  Lair:6: 2032 daAuts
  Lair:1: 1853 daAuts
Spider:2: 1812 daAuts
Shoals:2: 1788 daAuts
Depths:3: 1768 daAuts
  Lair:2: 1689 daAuts
Depths:2: 1683 daAuts
Shoals:4: 1664 daAuts
Vaults:3: 1647 daAuts
Spider:1: 1611 daAuts
   Orc:2: 1605 daAuts
Depths:1: 1590 daAuts
